 Dungeon Crawl Stone Soup version 0.29-a0-911-g88e6f02907 (webtiles) character file.

Game seed: 193234275569609093

32 mathmaestro the Grave Robber (level 3, -4/26 HPs)
             Began as a Demonspawn Necromancer on July 25, 2022.
             Slain by a worm (9 damage)
             ... on level 2 of the Dungeon.
             The game lasted 00:03:05 (1626 turns).

mathmaestro the Grave Robber (DsNe)                 Turns: 1626, Time: 00:03:06

Health: -4/26      AC:  2    Str:  8    XL:     3   Next: 8%
Magic:  6/6        EV: 12    Int: 18    God:
Gold:   108        SH:  0    Dex: 15    Spells: 2/6 levels left

rFire   . . .      SeeInvis .   d - +0 dagger
rCold   . . .      Faith    .   (no shield)
rNeg    . . .      Spirit   .   a - +0 robe
rPois   .          Reflect  .   (no helmet)
rElec   .          Harm     .   (no cloak)
rCorr   .          Rampage  .   (no gloves)
Will    .....                   (no boots)
Stlth   +++.......              (no amulet)
HPRegen 0.08/turn               (no ring)
MPRegen 0.10/turn               (no ring)

@: no status effects
A: thin skeletal structure 1
a: no special abilities


You were on level 2 of the Dungeon.
You visited 1 branch of the dungeon, and saw 2 of its levels.

You collected 108 gold pieces.

Inventory:

Hand Weapons
 d - a +0 dagger (weapon)
 l - a +0 hand axe
Armour
 a - a +0 robe (worn)
Scrolls
 c - a scroll of teleportation
 g - a scroll of butterflies {unknown}
 k - a scroll of fear {unknown}
Potions
 b - a potion of magic
 e - a potion of mutation {unknown}
 f - 3 potions of heal wounds
 h - a potion of flight {unknown}
 i - a potion of curing {unknown}
 j - a potion of brilliance {unknown}


   Skills:
 + Level 1.2 Fighting
 - Level 2.0 Dodging
 - Level 2.0 Stealth
 + Level 2.4 Spellcasting
 + Level 4.7 Necromancy


You had 2 spell levels left.
You knew the following spells:

 Your Spells              Type           Power      Damage    Failure   Level
a - Necrotise             Necr           76%        1d7       2%          1
b - Vampiric Draining     Necr           19%        2d7       8%          3

Your spell library contained the following spells:

 Spells                   Type           Power      Damage    Failure   Level
 Animate Dead             Necr           19%        N/A       26%         4
 Agony                    Necr           19%        N/A       56%         5


Dungeon Overview and Level Annotations

Branches:
Dungeon (2/15)

Altars:


Innate Abilities, Weirdness & Mutations

You have a somewhat thin skeletal structure. (Dex +2, Stealth+)


Message History

i - a grey potion
Found a hand axe.
k - a scroll labelled PANLUTS YNOECK You see here a +0 hand axe.
l - a +0 hand axe You now have 108 gold pieces (gained 6).
An endoplasm comes into view.
The helpless endoplasm fails to defend itself.
You hit the endoplasm.
You kill the endoplasm!
A worm comes into view.
The worm bites you.
You hit the worm.
The worm is lightly wounded.
You hit the worm.
The worm is lightly wounded.
The worm bites you.
You hit the worm.
The worm is lightly wounded.
You barely miss the worm.
The worm is lightly wounded.
The worm bites you.
You completely miss the worm.
The worm is lightly wounded.
The worm bites you.
You barely miss the worm.
The worm is lightly wounded.
You barely miss the worm.
The worm is lightly wounded.
The worm barely misses you.
You hit the worm.
The worm is lightly wounded.
You hit the worm but do no damage.
The worm is lightly wounded.
The worm bites you.
* * * LOW HITPOINT WARNING * * *
You hit the worm but do no damage.
The worm is lightly wounded.
The worm bites you!
You die...

#..#
#.###.....#
#..## #.
#......
#...# #.
#.#####
#.#.# #
..## #.#.#
# #.#.##
#....#
###..# #@.#
#w.# #..#
#..# #..#
#..# #..#
#..#


You could see a worm.

Vanquished Creatures
  A worm (D:2)
  4 endoplasms
  4 giant cockroaches
  A hobgoblin (D:1)
  2 kobolds
  A quokka (D:1)
  2 ball pythons (D:1)
  2 bats
  2 frilled lizards
  2 goblins
  2 rats (D:1)
23 creatures vanquished.

Vanquished Creatures (collateral kills)
  A ball python (D:1)
  An endoplasm (D:1)
  A rat (D:1)
3 creatures vanquished.

Grand Total: 26 creatures vanquished

Notes
Turn   | Place    | Note
-------+----------+-------------------------------------------
     0 | D:1      | mathmaestro the Demonspawn Necromancer began the quest for
                  | the Orb.
     0 | D:1      | Reached XP level 1. HP: 13/13 MP: 3/3
   644 | D:1      | Gained mutation: You have a somewhat thin skeletal
                  | structure. (Dex +2, Stealth+) [demonic ancestry]
   644 | D:1      | Reached XP level 2. HP: 19/20 MP: 1/5
   711 | D:1      | Found a faded altar of an unknown god.
   959 | D:1      | Reached skill level 1 in Fighting
  1482 | D:2      | Reached XP level 3. HP: 23/26 MP: 0/6
  1486 | D:2      | Learned a level 3 spell: Vampiric Draining
  1626 | D:2      | Slain by a worm

Illustrated notes

Levels and vault maps discovered:
D:1:      erik_arrival_cave_to_civilisation [erik_arrival_cave_to_hall],
          layout_basic, nicolae_ecumenical_snake_handling
D:2:      layout_loops_ring, chequers_decorated_corner

Skill      XL: |  1  2 |
---------------+-------+-----
Stealth        | 2 |  2.0
Dodging        | 2 |  2.0
Fighting       | 1 |  1.2
Spellcasting   | |  2.4
Necromancy     | |  4.7

Action                   || total
-------------------------++-------
Melee: Unarmed           ||    14
       Club              ||     7
       Dagger            ||    23
 Cast: Necrotise         ||    43
  Use: Scroll            ||     4
 Stab: Sleeping          ||     2
Armor: Robe              ||     3
Dodge: Dodged            ||    19

Table legend: (Time is in decaauts)
 A = Elapsed time spent in this place.
 B = Non-inter-level travel time spent in this place.
 C = Inter-level travel time spent in this place.
 D = Time resting spent in this place.
 E = Time spent auto-exploring this place.
 F = Levels seen in this place.
 G = Mean time per level.
                   A        B        C        D        E       F      G
               +--------+--------+--------+--------+--------+-----+--------+
         Total |   1626 |   1614 |     12 |    221 |   1109 |   2 |  813.0 |
       Dungeon |   1626 |   1614 |     12 |    221 |   1109 |   2 |  813.0 |
               +--------+--------+--------+--------+--------+-----+--------+

Top non-repeatable levels by time:
     D:1: 1282 daAuts
     D:2: 344 daAuts
